Map: 나이트쉐이드 - 래더

Players

PartinG

  • Race: Protoss Protoss
  • Spawn Location: 11:00

Has - Winner!

  • Race: Protoss Protoss
  • Spawn Location: 5:00

Event: IEM Katowice 2020

VOD

Have the link to the VOD?

Description

Time

  • Played on: Feb. 27, 2020, 7:07 a.m.
  • Length: 12:22

All games in this series

Show
View Real Time Build Order
Export as new Build Order

PartinG Protoss 

Build Orders: Phoenix Opening, Zealot Archon 

Get SALT Encoding   

  12  0:00  Probe  
  13  0:12  Probe  
  14  0:18  Pylon  
  14  0:25  Probe (Chrono Boost)  
  15  0:36  Gateway  
  15  0:37  Probe (Chrono Boost)  
  16  0:45  Probe (Chrono Boost)  
  16  0:46  Assimilator  
  17  0:51  Probe  
  17  0:54  Assimilator  
  18  1:03  Probe (Chrono Boost)  
  19  1:06  Gateway  
  19  1:12  Probe (Chrono Boost)  
  19  1:17  Probe (Chrono Boost)  
  20  1:24  Cybernetics Core  
  21  1:29  Probe  
  22  1:35  Pylon  
  22  1:41  Probe  
  24  2:00  Warp Gate, Robotics Facility  
  23  2:01  Stalker  
  23  2:07  Stalker  
  27  2:10  Probe  
  28  2:17  Pylon  
  28  2:31  Sentry  
  31  2:45  Immortal (Chrono Boost)  
  33  2:51  Gateway  
  33  2:56  Shield Battery  
  33  2:59  Shield Battery  
  33  3:04  Phoenix  
  35  3:28  Pylon  
  35  3:36  Pylon  
  35  3:50  Stalker x2  
  35  3:53  Warp Prism  
  39  3:57  Stalker  
  41  4:11  Pylon  
  41  4:12  Twilight Council  
  41  4:20  Stalker  
  41  4:21  Stalker  
  45  4:28  Stalker  
  45  4:29  Observer  
  48  4:39  Pylon  
  48  4:51  Dark Shrine  
  48  5:04  Stalker  
  48  5:05  Stalker  
  48  5:06  Observer  
  52  5:13  Stalker  
  50  5:30  Zealot x2  
  50  5:32  Probe, Pylon  
  55  5:39  Pylon  
  55  5:43  Observer  
  55  6:06  Dark Templar x2  
  55  6:10  Pylon  
  59  6:17  Probe  
  59  6:28  Nexus  
  59  6:32  Pylon  
  59  6:34  Probe  
  60  6:45  Sentry, Resonating Glaives (Chrono Boost)  
  62  6:53  Adept  
  64  6:56  Adept  
  64  7:01  Probe  
  67  7:08  Adept  
  69  7:15  Sentry  
  71  7:20  Shield Battery  
  71  7:27  Probe  
  68  7:34  Dark Templar  
  70  7:38  Archon  
  70  7:40  Probe x2  
  70  7:42  Adept  
  74  7:47  Adept  
  76  8:04  Adept  
  76  8:07  Adept x2  
  76  8:12  Pylon  
  80  8:24  Pylon  
  80  8:25  Adept  
  82  8:27  Adept x2  
  86  8:38  Probe x2  
  86  8:46  Adept  
  86  8:47  Adept, Robotics Facility  
  88  9:01  Pylon  
  87  9:02  Pylon  
  87  9:09  Assimilator  
  85  9:10  Assimilator  
  82  9:38  Pylon  
  78  9:40  Pylon  
  78  9:43  Pylon, Observer  
  78  9:47  Pylon  
  78  9:56  Probe x2  
  78  9:57  Dark Templar  
  78  9:59  Warp Prism (Chrono Boost)  
  84  10:07  Sentry  
  84  10:08  Probe  
  84  10:09  Sentry  
  89  10:20  Probe x2  
  91  10:32  Adept  
  91  10:33  Adept x2  
  91  10:50  Immortal (Chrono Boost)  
  91  10:56  Adept x3  
  91  11:18  Adept  
  91  11:19  Adept x2  
  97  11:30  Probe x2, Stargate  
  93  11:43  Adept x2  
  93  11:44  Adept  
  86  12:08  Adept x3  
Show
View Real Time Build Order
Export as new Build Order

Has Protoss - Winner!

Build Orders:  

Get SALT Encoding   

  12  0:00  Probe  
  13  0:12  Probe  
  14  0:17  Pylon  
  14  0:25  Probe (Chrono Boost)  
  15  0:35  Gateway  
  15  0:37  Probe (Chrono Boost)  
  16  0:45  Probe (Chrono Boost)  
  16  0:46  Assimilator  
  17  0:51  Probe  
  17  0:54  Assimilator  
  18  1:03  Gateway  
  18  1:06  Probe (Chrono Boost)  
  19  1:17  Probe (Chrono Boost)  
  20  1:21  Pylon  
  20  1:26  Cybernetics Core  
  20  1:30  Probe  
  21  1:42  Probe  
  23  1:54  Probe  
  23  2:02  Warp Gate, Stalker x2  
  23  2:05  Pylon  
  23  2:06  Probe  
  28  2:18  Probe  
  29  2:34  Pylon  
  29  2:36  Robotics Facility  
  30  2:42  Stalker x2  
  33  2:45  Probe  
  33  3:02  Probe  
  33  3:03  Pylon  
  34  3:05  Shield Battery  
  34  3:12  Stalker x2  
  38  3:25  Immortal (Chrono Boost)  
  40  3:54  Warp Prism (Chrono Boost)  
  40  3:55  Adept x2  
  46  4:07  Probe  
  45  4:25  Pylon  
  45  4:27  Observer (Chrono Boost)  
  45  4:29  Pylon  
  47  4:34  Probe  
  47  4:37  Gateway  
  47  4:43  Immortal  
  51  4:47  Sentry x2  
  55  4:53  Shield Battery  
  55  4:55  Shield Battery  
  55  5:14  Stalker  
  55  5:22  Immortal, Observer  
  59  5:30  Stargate  
  59  5:34  Pylon  
  59  5:53  Probe  
  60  5:59  Immortal (Chrono Boost)  
  64  6:06  Observer  
  64  6:10  Gateway x2  
  64  6:11  Observer  
  64  6:13  Phoenix  
  66  6:38  Phoenix  
  68  6:41  Pylon  
  68  6:42  Pylon  
  68  6:58  Nexus  
  68  7:15  Probe  
  62  7:35  Pylon  
  62  7:39  Stalker  
  62  7:44  Observer  
  61  8:01  Adept x2  
  61  8:03  Adept  
  65  8:12  Robotics Bay  
  61  8:36  Sentry  
  63  8:51  Adept x2  
  67  8:57  Disruptor (Chrono Boost)  
  70  9:27  Disruptor (Chrono Boost)  
  69  9:49  Adept  
  69  9:50  Adept x2  
  75  10:25  Observer  
  69  10:33  Adept x3  
  65  10:44  Disruptor (Chrono Boost)  
  63  10:57  Adept x2  
  56  11:31  Adept  
  56  11:46  Adept  

Tags
 
Add a new tag
Caveats
  • Supply blocks, unpowered buildings, or Contaminate may cause inaccurate times.
  • Supply counts are checked every 10 seconds.